 Dungeon Crawl Stone Soup version 0.17-a0-26-g7f25774 (webtiles) character file.

66885 Vlagh999 the Impaler (level 14, -9/88 HPs)
             Began as an Imp Gladiator on July 23, 2015.
             Was the Champion of Qazlal.
             Killed from afar by an orc knight (12 damage)
             ... with an exploding inner flame
             ... hexed by the player character
             ... on level 4 of the Orcish Mines on July 24, 2015.
             The game lasted 02:49:53 (24286 turns).

Vlagh999 the Impaler (Imp Gladiator)               Turns: 24286, Time: 02:49:53

Health: -9/88      AC: 20    Str: 19    XL:     14   Next: 80%
Magic:  29/29      EV: 25    Int: 10    God:    Qazlal [******]
Gold:   910        SH:  8    Dex: 24    Spells: 1 memorised, 10 levels left

rFire  + . .     SeeInvis .     a - +3 trident (pierce)
rCold  . . .     Clarity  .     i - +1 shadow dragon armour
rNeg   + + +     SustAb   .     (shield restricted)
rPois  ∞         Gourm    +     c - +1 hat
rElec  .         Spirit   .     E - +0 cloak
rCorr  .         Warding  .     (gloves unavailable)
rMut   .         Rnd*Tele +     (boots unavailable)
MR     +....                    Y - amulet of the gourmand
Stlth  +.........               r - ring of ice
                                N - +4 ring of dexterity

@: mighty, protected from physical damage, very slightly contaminated, repel
missiles, invisible, somewhat resistant to hostile enchantments, very unstealthy
A: able to fly continuously, unfitting armour, big wings, claws 1, horns 1,
rugged brown scales 1, blink 2, fire resistance 2, frail 1, negative energy
resistance 3, regeneration 1, screaming 3, teleportitis 2, torment resistance,
cold vulnerability 1
a: Fly, Blink, Upheaval, Elemental Force, Disaster Area, Renounce Religion


You were on level 4 of the Orcish Mines.
You worshipped Qazlal.
Qazlal was exalted by your worship.
You were very full.

You visited 4 branches of the dungeon, and saw 23 of its levels.
You also visited: Volcano.

You collected 2461 gold pieces.
You spent 1551 gold pieces at shops.

Inventory:

Hand weapons
 a - a +3 trident of piercing (weapon)
 b - a +0 hunting sling
 G - a +0 blowgun
Missiles
 q - 99 poisoned needles
 w - 12 steel sling bullets
 H - 3 throwing nets (quivered)
 S - 4 curare-tipped needles
 X - 5 silver tomahawks
Armour
 c - a +1 hat (worn)
 i - a +1 shadow dragon armour (worn)
 E - a +0 cloak (worn)
Jewellery
 r - a ring of ice (right claw)
 D - an uncursed amulet of rage
 N - a +4 ring of dexterity (left claw)
 Y - an amulet of the gourmand (around neck)
Magical devices
 k - a wand of fire (1)
 n - a wand of paralysis (24)
 u - a wand of magic darts (26)
 A - a wand of disintegration (9)
 C - a wand of lightning (3)
Scrolls
 d - 2 scrolls of enchant armour
 e - 15 scrolls of remove curse
 g - 3 scrolls of amnesia
 m - 2 scrolls of recharging
 p - a scroll of blinking
 v - a scroll of enchant weapon
 x - 2 scrolls of fear
 z - 3 scrolls of fog
 J - 7 scrolls of teleportation
 K - a scroll of identify
 T - a scroll of immolation
 Z - a scroll of magic mapping
Potions
 j - 4 potions of restore abilities
 l - a potion of cure mutation
 o - 3 potions of ambrosia
 t - 3 potions of cancellation
 I - 2 potions of resistance
 P - 4 potions of berserk rage
 W - a potion of agility
Miscellaneous
 O - a stone of tremors
Comestibles
 f - 12 bread rations
 h - 15 meat rations
 y - 4 chunks of flesh
 B - 20 fruits
 M - a slice of pizza
 R - 6 beef jerkies


   Skills:
 * Level 13.7 Fighting
 - Level 16.0 Polearms
 - Level 6.7 Throwing
 - Level 7.7 Armour
 - Level 13.5 Dodging
 - Level 11.9 Invocations
 - Level 6.8 Evocations


You had 10 spell levels left.
You knew the following spells:

 Your Spells              Type           Power        Failure   Level  Hunger
a - Abjuration            Summ           #.........   100%        3    ####...


Dungeon Overview and Level Annotations

Branches:
Dungeon (10/15)            Temple (1/1) D:4            Lair (8/8) D:10
 Shoals (0/5) Lair:4        Snake (0/5) Lair:3        Slime (0/6) Lair:8
    Orc (4/4) D:10            Elf (0/3) Orc:3

Altars:
Ashenzari
Cheibriados
Dithmenos
Elyvilon
Fedhas
Gozag
Kikubaaqudgha
Makhleb
Nemelex Xobeh
Okawaru
Qazlal
Ru
Sif Muna
Trog
Vehumet
Xom
Yredelemnul
Zin
The Shining One
Jiyva

Shops:
D:4 :!:}   D:9 [   Orc:1 *   Orc:2 (   Orc:3 %

Annotations:
D:4 Shops


Innate Abilities, Weirdness & Mutations

You are immune to poison.
You can fly continuously.
You are tiny and cannot use many weapons and most armour.
Your wings are large and strong.
You are good at translocating small distances at will.
Your flesh is very heat resistant.
You are immune to negative energy.
Your natural rate of healing is unusually fast.
You frequently scream uncontrollably at your foes.
Space sometimes distorts in your vicinity.
You are immune to unholy pain and torment.
You are vulnerable to cold.
You have sharp fingernails.
You have a pair of small horns on your head.
You are partially covered in rugged brown scales (AC +1, +3% HP).
You are frail (-10% HP).


Message History

The fiery explosion engulfs the orc warrior.
The orc warrior is almost dead.
You hear an explosion! x2
The fiery explosion engulfs the orc priest.
The orc priest explodes!
The fiery explosion engulfs the orc high priest.
You kill the orc high priest!
Qazlal accepts your kill.
The fiery explosion engulfs the orc warrior.
You kill the orc warrior!
Qazlal accepts your kill. x2
The fiery explosion engulfs the orc high priest.
The orc high priest is almost dead.
The fiery explosion engulfs the sun demon.
The sun demon completely resists.
Qazlal accepts your kill.
You feel a bit more experienced. Qazlal accepts your kill. x2
The fiery explosion engulfs you! You resist.
You die...

###.....§.§.### ##.......[))...##
###........).)....# .
#.#.#.#.#.#)#%#§#4# #o#
.........%....§§.33.oo
..............§§oo#o#
.............§§§o§oo
#.#.#.#.#.#.#§#§#o#
..#.........§.§§@o#
..##..........§o§## ..# ##..
......### .## %...## ..# ###
################################
.....#.........................#
§.............................##
.............................####


You could see an orc knight (inner flame), an ice devil, 2 orc high priests, a
sun demon, a hellwing, 3 orc warriors, 3 orc priests and an orc (inner flame).

Vanquished Creatures
  Harold (Lair:2)
  Erica (Lair:7)
  3 hydras
  The ghost of agentgt the Martial Artist, a powerful ImMo of Ashenzari (Lair:2)
  3 orc high priests
  The ghost of sleevener the Nimble, an experienced ImGl of Makhleb (Volcano)
  An unseen horror (D:10)
  The ghost of Vlagh999 the Nimble, an experienced ImGl of Qazlal (D:7)
  Pikel (D:8)
  3 orc knights (Orc:4)
  2 hill giants (D:10)
  An orc sorcerer (Orc:4)
  A griffon (Lair:6)
  A centaur zombie (D:10)
  12 black mambas
  17 elephants
  An efreet (Volcano)
  16 spiny frogs
  A centaur skeleton (D:9)
  A gargoyle (D:10)
  A spriggan druid (Lair:8)
  9 komodo dragons
  7 polar bears
  A fire drake (Lair:5)
  10 blink frogs
  3 trolls
  Grinder (D:5)
  Prince Ribbit (D:7)
  2 two-headed ogres
  3 redbacks (Lair:8)
  3 fire elementals (Volcano)
  A centaur simulacrum (D:10)
  A basilisk (Lair:7)
  31 yaks
  Eustachio (D:7)
  12 spriggans
  6 hippogriffs
  A wyvern (D:10)
  Grum (Orc:4)
  2 steam dragons
  47 wolves
  Edmund (D:5)
  A deep elf fighter (Orc:3)
  Menkaure (D:4)
  8 wargs
  11 water moccasins
  24 orc warriors
  18 porcupines
  11 black bears
  2 ice beasts (D:8)
  3 wasps (Lair:8)
  A slave (D:8)
  4 centaurs
  10 ogres
  3 phantoms
  A boring beetle (Lair:8)
  2 sky beasts (D:10)
  15 giant frogs
  12 crocodiles
  A wyvern zombie (D:6)
  3 scorpions
  5 wights (D:10)
  12 killer bees (D:9)
  A goliath beetle (D:6)
  The ghost of Vlagh999 the Poker, a weakling ImGl (D:3)
  3 crimson imps
  3 electric eels
  A quasit (D:10)
  2 giant frog zombies
  10 hounds
  6 hell rats (Lair:6)
  Crazy Yiuf (D:3)
  38 orc priests
  2 jellies
  8 worker ants
  2 giant frog skeletons
  31 orc wizards
  8 iguanas
  A killer bee zombie (D:8)
  25 sheep
  Ijyb (D:7)
  2 hound zombies (D:5)
  3 hound skeletons
  3 worker ant zombies
  30 adders
  30 river rats
  3 gnolls (D:3)
  5 shadow imps
  A giant mite (D:7)
  3 worms
  4 adder zombies
  2 adder skeletons
  6 orc skeletons (Orc:4)
  7 giant geckos
  An ooze (D:5)
  176 orcs
  4 ball pythons (Lair:3)
  16 bats
  2 bat skeletons
  3 giant cockroaches
  22 goblins
  22 hobgoblins
  14 jackals
  12 kobolds
  8 quokkas
  A giant gecko skeleton (D:5)
  A giant gecko zombie (D:10)
  6 giant newts
  A jackal zombie (D:5)
  An orc zombie (Orc:4)
  2 quokka skeletons
  12 rats
  8 ballistomycetes (D:9)
  2 bushes
  106 fungi
  29 plants
1054 creatures vanquished.

Vanquished Creatures (collateral kills)
  2 orc warriors (D:10)
  An orc priest (D:10)
  5 orcs (D:10)
8 creatures vanquished.

Vanquished Creatures (others)
  2 fire elementals (D:10)
  An orc warrior (Orc:4)
  2 killer bees (D:9)
  A worker ant (D:9)
  4 orcs
  2 giant spores (D:9)
  9 fungi
  2 plants (Lair:8)
23 creatures vanquished.

Grand Total: 1085 creatures vanquished

Notes
Turn   | Place    | Note
--------------------------------------------------------------
     0 | D:1      | Vlagh999, the Imp Gladiator, began the quest for the Orb.
     0 | D:1      | Reached XP level 1. HP: 13/13 MP: 1/1
   172 | D:1      | Reached XP level 2. HP: 16/18 MP: 2/2
   584 | D:1      | Reached skill level 5 in Polearms
   658 | D:2      | Reached XP level 3. HP: 17/22 MP: 3/3
   932 | D:2      | Reached skill level 6 in Polearms
   932 | D:2      | Reached XP level 4. HP: 27/27 MP: 4/4
  1337 | D:3      | HP: 1/27 [orc wizard/dagger (3)]
  1360 | D:3      | Reached XP level 5. HP: 29/32 MP: 5/5
  1456 | D:3      | Reached skill level 5 in Dodging
  1912 | D:3      | Noticed Vlagh999's ghost (weakling ImGl)
  1930 | D:3      | Killed Vlagh999's ghost
  2236 | D:3      | Reached XP level 6. HP: 26/38 MP: 6/6
  2257 | D:4      | Found Xalycsar's Gadget Shop.
  2440 | D:4      | Found a staircase to the Ecumenical Temple.
  2458 | Temple   | Entered the Ecumenical Temple
  2527 | Temple   | Became a worshipper of Qazlal Stormbringer
  2575 | D:4      | Found Threx's Distillery.
  2591 | D:4      | Bought a potion of might for 52 gold pieces
  2591 | D:4      | Bought a potion of curing for 39 gold pieces
  2608 | D:4      | Found Shrofrir's Distillery.
  2791 | D:4      | Found Faforac's Book Boutique.
  2952 | D:4      | Noticed Menkaure
  2961 | D:4      | Killed Menkaure
  2961 | D:4      | Reached skill level 5 in Fighting
  2961 | D:4      | Gained mutation: Your flesh is heat resistant. [demonic growth]
  2961 | D:4      | Gained mutation: You are vulnerable to cold. [demonic growth]
  2961 | D:4      | Reached XP level 7. HP: 44/44 MP: 7/7
  3139 | D:4      | Found Plelaum's Book Boutique.
  3295 | D:5      | Entered Level 5 of the Dungeon
  3384 | D:5      | Found a blossoming altar of Fedhas.
  3384 | D:5      | Found an opulent altar of Gozag.
  3387 | D:5      | Found a glowing golden altar of the Shining One.
  3425 | D:5      | Noticed Edmund
  3426 | D:5      | Noticed Grinder
  3437 | D:5      | Reached skill level 7 in Polearms
  3445 | D:5      | Paralysed by Grinder for 5 turns
  3486 | D:5      | Acquired Qazlal's first power
  3617 | D:6      | Found a shattered altar of Ashenzari.
  3774 | D:6      | Reached skill level 1 in Armour
  3781 | D:6      | Reached XP level 8. HP: 43/52 MP: 8/8
  3806 | D:6      | Reached skill level 8 in Polearms
  3997 | D:6      | Found a snail-covered altar of Cheibriados.
  4531 | D:7      | Noticed Ijyb
  4545 | D:7      | Killed Ijyb
  4553 | D:7      | Reached skill level 9 in Polearms
  4668 | D:7      | Noticed Prince Ribbit
  4686 | D:7      | Acquired Qazlal's second power
  4705 | D:7      | Killed Prince Ribbit
  4748 | D:7      | Reached XP level 9. HP: 52/58 MP: 9/9
  4775 | D:7      | Noticed Vlagh999's ghost (experienced ImGl)
  4840 | D:7      | Noticed Eustachio
  4855 | D:7      | Killed Vlagh999's ghost
  4855 | D:7      | Reached skill level 10 in Polearms
  5020 | D:7      | Killed Eustachio
  5343 | D:7      | Found a radiant altar of Vehumet.
  5343 | D:7      | Found a shimmering altar of Xom.
  5660 | D:8      | Reached skill level 11 in Polearms
  5707 | D:8      | Acquired Qazlal's third power
  5769 | D:8      | Reached skill level 1 in Invocations
  6006 | D:8      | Noticed Pikel
  6039 | D:8      | Killed Pikel
  6039 | D:8      | Reached XP level 10. HP: 61/65 MP: 10/13
  6147 | D:8      | Reached skill level 10 in Dodging
  6683 | D:8      | HP: 3/66 [orc wizard/magic dart (6)]
  6695 | D:8      | HP: 1/66 [orc wizard/magic dart (5)]
  6938 | D:7      | HP: 2/66 [orc warrior/short sword (8)]
  7204 | D:5      | Acquired Qazlal's fourth power
  7220 | D:5      | Paralysed by Grinder for 4 turns
  7232 | D:5      | Killed Grinder
  7492 | D:5      | Killed Edmund
  8052 | D:3      | Noticed Crazy Yiuf
  8061 | D:3      | Killed Crazy Yiuf
  8277 | D:9      | Reached skill level 12 in Polearms
  8417 | D:9      | Reached skill level 5 in Invocations
  8936 | D:9      | Found Stonoosh's Antique Armour Shop.
  9231 | D:9      | Found a staircase to the Orcish Mines.
  9259 | D:10     | Entered Level 10 of the Dungeon
  9263 | D:10     | Killed an unseen horror
  9263 | D:10     | Reached XP level 11. HP: 70/72 MP: 20/20
  9282 | D:10     | Reached skill level 1 in Evocations
  9299 | D:10     | Reached skill level 5 in Armour
  9313 | D:10     | Noticed a hill giant
  9331 | D:10     | Killed a hill giant
  9364 | D:10     | HP: 2/72 [centaur simulacrum (42)]
  9684 | D:10     | Gained mutation: You are partially covered in rugged brown scales (AC +1, +3% HP). [mutagenic meat]
  9685 | D:10     | Gained mutation: You tend to lose your temper in combat. [mutagenic meat]
  9686 | D:10     | Gained mutation: You are frail (-10% HP). [potion of mutation]
  9686 | D:10     | Gained mutation: Your wings are large and strong. [potion of mutation]
  9734 | D:10     | Reached skill level 10 in Fighting
  9860 | D:10     | Acquired Qazlal's fifth power
 10059 | D:10     | Found a staircase to the Lair.
 10136 | D:10     | Found a staircase to the Orcish Mines.
 10411 | D:10     | Noticed a hill giant
 10424 | D:10     | Killed a hill giant
 11037 | Lair:1   | Entered Level 1 of the Lair of Beasts
 11209 | Lair:1   | Got a fine robe
 11219 | Lair:1   | Reached skill level 13 in Polearms
 11288 | Lair:1   | Identified the +1 robe "Guttishru" {+Blink rElec rC- Int+3 Dex+4} (You found it on level 1 of the Lair of Beasts)
 11425 | Lair:1   | You fall through a shaft!
 11938 | Lair:1   | Reached XP level 12. HP: 72/72 MP: 23/23
 12625 | Lair:2   | Noticed agentgt's ghost (powerful ImMo)
 12677 | Lair:2   | Killed agentgt's ghost
 12703 | Lair:2   | Noticed Harold
 12783 | Lair:2   | Killed Harold
 13316 | Lair:3   | Reached skill level 14 in Polearms
 13612 | Lair:3   | Found a staircase to the Snake Pit.
 14321 | Lair:4   | Found a staircase to the Shoals.
 14388 | Lair:4   | Found a dark tunnel.
 14433 | Volcano  | Entered a volcano
 14549 | Volcano  | Noticed sleevener's ghost (experienced ImGl)
 14567 | Volcano  | Killed sleevener's ghost
 14567 | Volcano  | Reached XP level 13. HP: 59/78 MP: 26/26
 15690 | Lair:4   | Reached skill level 5 in Evocations
 16509 | Lair:5   | Reached skill level 10 in Invocations
 17421 | Lair:6   | Identified a scroll of acquirement
 17518 | Lair:6   | Reached skill level 15 in Polearms
 17929 | Lair:7   | Reached skill level 5 in Throwing
 18154 | Lair:7   | Noticed Erica
 18169 | Lair:7   | Killed Erica
 18709 | Lair:8   | Entered Level 8 of the Lair of Beasts
 18709 | Lair:8   | Found a viscous altar of Jiyva.
 18709 | Lair:8   | Found a staircase to the Slime Pits.
 18796 | Lair:8   | Gained mutation: You have sharp fingernails. [potion of mutation]
 18796 | Lair:8   | Lost mutation: You tend to lose your temper in combat. [potion of mutation]
 18796 | Lair:8   | Gained mutation: You have a pair of small horns on your head. [potion of mutation]
 19115 | Lair:8   | Mutation became permanent: Your wings are large and strong. [demonic growth]
 19115 | Lair:8   | Reached XP level 14. HP: 59/85 MP: 28/28
 20801 | Orc:1    | Entered Level 1 of the Orcish Mines
 20940 | Orc:1    | Found Criteuda's General Store.
 20953 | Orc:1    | Bought a scroll of identify for 28 gold pieces
 20953 | Orc:1    | Bought a cursed amulet of inaccuracy for 28 gold pieces
 21693 | Orc:2    | Found Roufau's Weapon Shop.
 21957 | Orc:3    | Found Ytaddali's Food Shop.
 21990 | Orc:3    | Found a staircase to the Elven Halls.
 22420 | Orc:3    | Reached skill level 16 in Polearms
 23107 | D:4      | Bought a potion of curing for 39 gold pieces
 23107 | D:4      | Bought a potion of curing for 39 gold pieces
 23107 | D:4      | Bought a potion of agility for 52 gold pieces
 23107 | D:4      | Bought a potion of cure mutation for 455 gold pieces
 23107 | D:4      | Bought a potion of ambrosia for 104 gold pieces
 23107 | D:4      | Bought a potion of heal wounds for 65 gold pieces
 23123 | D:4      | Bought a potion of invisibility for 80 gold pieces
 23123 | D:4      | Bought a potion of haste for 100 gold pieces
 23123 | D:4      | Bought a potion of might for 40 gold pieces
 23123 | D:4      | Bought a potion of heal wounds for 50 gold pieces
 23123 | D:4      | Bought a potion of beneficial mutation for 350 gold pieces
 23123 | D:4      | Bought a potion of curing for 30 gold pieces
 23128 | D:4      | Learned a level 3 spell: Abjuration
 23135 | D:4      | Gained mutation: Your flesh is very heat resistant. [potion of beneficial mutation]
 23363 | Orc:4    | Entered Level 4 of the Orcish Mines
 23363 | Orc:4    | Found a bloodstained altar of Trog.
 23650 | Orc:4    | Noticed Grum
 23665 | Orc:4    | Killed Grum
 24286 | Orc:4    | HP: 3/87 [orc warrior/exploding inner flame[the player character] (2)]
 24286 | Orc:4    | Killed from afar by an orc knight

Action                   |  1- 3 |  4- 6 |  7- 9 | 10-12 | 13-15 || total
-------------------------+-------+-------+-------+-------+-------++-------
Melee: Trident           |   130 |    52 |       |   715 |  1507 ||  2404
       Spear             |       |   112 |   488 |   510 |       ||  1110
 Fire: Hunting sling     |     3 |    24 |     6 |     9 |     1 ||    43
       Blowgun           |       |       |    52 |    19 |     4 ||    75
Throw: Tomahawk          |     6 |    18 |     8 |     7 |       ||    39
       Throwing net      |       |     5 |     1 |       |     8 ||    14
Invok: Elemental Force   |       |       |       |     2 |       ||     2
       Disaster Area     |       |       |       |     1 |       ||     1
 Abil: Blink             |       |       |       |     4 |     1 ||     5
       Fly               |       |       |       |     1 |       ||     1
Evoke: Wand              |       |       |       |       |     1 ||     1
  Use: Potion            |       |     2 |     5 |    12 |    13 ||    32
       Scroll            |       |       |     8 |    21 |    13 ||    42
 Stab: Sleeping          |     1 |     1 |       |       |       ||     2
       Distracted        |     1 |       |       |     2 |       ||     3
       Held in net/web   |       |     1 |       |       |     7 ||     8
       Fleeing           |       |       |       |       |     1 ||     1
       Invisible         |       |       |       |       |     1 ||     1
  Eat: Chunk             |       |     7 |    10 |    44 |    30 ||    91
       Pizza             |       |       |       |       |     3 ||     3
